 Dungeon Crawl Stone Soup version 0.28.0-49-g6dfe1f597d (webtiles) character file.

Game seed: 900605930053541276

213 pkoi the Insei (level 5, -5/45 HPs)
             Began as a Demigod Fighter on May 12, 2022.
             Slain by an iguana (11 damage)
             ... on level 4 of the Dungeon.
             The game lasted 00:03:46 (3291 turns).

pkoi the Insei (Demigod Fighter)                    Turns: 3291, Time: 00:03:47

Health: -5/45      AC: 10    Str: 17    XL:     5   Next: 32%
Magic:  7/7        EV: 10    Int: 10    God:
Gold:   148        SH:  5    Dex: 19    Spells: 4/4 levels left

rFire   . . .      SeeInvis .   j - +4 spear of Destiny {elec, Contam rC++ rN+}
rCold   + + +      Faith    .   b - +0 buckler
rNeg    + . .      Spirit   .   i - quicksilver dragon scales of Coihewau {rC+ Will+ Dex+2}
rPois   .          Reflect  .   (no helmet)
rElec   .          Harm     .   (no cloak)
rCorr   .          Rampage  .   (no gloves)
Will    +....                   (no boots)
Stlth   +.........              (no amulet)
HPRegen 0.15/turn               (no ring)
MPRegen 0.10/turn               (no ring)

@: no status effects
A: high MP 1, forlorn, divine attributes
a: no special abilities


You were on level 4 of the Dungeon.
You visited 1 branch of the dungeon, and saw 4 of its levels.

You collected 148 gold pieces.

Inventory:

Hand Weapons
 e - a +0 dagger
 h - a +0 dagger
 j - the +4 spear of Destiny (weapon) {elec, Contam rC++ rN+}
   (You found it on level 2 of the Dungeon)

   It occasionally discharges a powerful burst of electricity upon striking a
   foe.
   rC:        It greatly protects you from cold.
   rN:        It protects you from negative energy.
   Contam:    It causes magical contamination when unequipped.
 s - a +2 dagger of draining
Missiles
 d - 6 javelins (quivered)
Armour
 a - a +0 scale mail
 b - a +0 buckler (worn)
 i - the quicksilver dragon scales of Coihewau (worn) {rC+ Will+ Dex+2}
   (You acquired it on level 3 of the Dungeon)

   Dex:       It affects your dexterity (+2).
   rC:        It protects you from cold.
   Will:      It increases your willpower.
 k - a +0 chain mail
Magical Staves
 f - a staff of conjuration
Wands
 r - a wand of acid (8)
Scrolls
 m - a scroll of magic mapping
 n - 2 scrolls of summoning
 p - a scroll of amnesia
 q - a scroll of acquirement
Potions
 c - a potion of might
 l - a potion of flight
 o - a potion of heal wounds
 t - a potion of berserk rage


   Skills:
 + Level 3.5 Fighting
 + Level 3.5 Armour
 + Level 3.4 Shields
 * Level 3.6 Unarmed Combat


You had 4 spell levels left.
You didn't know any spells.
Your spell library was empty.

Dungeon Overview and Level Annotations

Branches:
Dungeon (4/15)
 Temple: D:4-7

Annotations:
D:3 3 runed translucent doors, Holdthepickle's ghost, amateur OgFE


Innate Abilities, Weirdness & Mutations

You have an increased reservoir of magic. (+10% MP)
You shall have no god before yourself.
Your divine heritage dramatically boosts your attributes as you level up.


Message History

Found a robe.
The iguana hisses angrily.
An iguana is nearby!
An iguana is nearby!
An orc comes into view.
It is wielding a +4 hand axe and wearing a +0 chain mail of cold resistance.
You hit the iguana.
The iguana is lightly wounded.
The iguana barely misses you.
You hit the iguana.
The iguana is moderately wounded.
The iguana bites you!
You hit the iguana.
The iguana is severely wounded.
The iguana bites you!
* * * LOW HITPOINT WARNING * * *
You hit the iguana but do no damage.
The iguana is severely wounded.
The iguana bites you.
* * * LOW HITPOINT WARNING * * *
The iguana bites you.
* * * LOW HITPOINT WARNING * * *
You hit the iguana.
The iguana is severely wounded.
The iguana bites you.
* * * LOW HITPOINT WARNING * * *
You hit the iguana but do no damage.
The iguana is severely wounded.
The iguana bites you but does no damage.
You hit the iguana.
The iguana is almost dead.
The iguana bites you!
* * * LOW HITPOINT WARNING * * *
You completely miss the iguana.
The iguana is almost dead.
The iguana bites you but does no damage.
Unknown command.
You barely miss the iguana.
The iguana is almost dead.
The iguana bites you!
You die...

.....#####<.##
......#####.#
...##.)..##.#
...#####....########
...# ####.........
#### #.######## #..#
##.########.#
#.##.@lo...#
#..#.####### ##...#
#....## #....##.#
#.### #.# #. #..
##.# ..


You could see an iguana and an orc.

Vanquished Creatures
  A necrophage (D:3)
  An orc wizard (D:3)
  An adder (D:4)
  3 dart slugs
  12 orcs (D:3)
  7 bats
  8 endoplasms
  3 giant cockroaches
  9 goblins
  A hobgoblin (D:1)
  2 quokkas
  5 ball pythons
  4 frilled lizards
  11 kobolds
  7 rats
75 creatures vanquished.

Vanquished Creatures (others)
  3 plants (D:3)
3 creatures vanquished.

Grand Total: 78 creatures vanquished

Notes
Turn   | Place    | Note
-------+----------+-------------------------------------------
     0 | D:1      | pkoi the Demigod Fighter began the quest for the Orb.
     0 | D:1      | Reached XP level 1. HP: 18/18 MP: 3/3
   246 | D:1      | Reached XP level 2. HP: 24/25 MP: 4/4
  1189 | D:1      | Reached XP level 3. HP: 31/31 MP: 5/5
  1363 | D:2      | Identified the +4 spear of Destiny {elec, Contam rC++ rN+}
  1592 | D:2      | Noticed a shining eye
  1593 | D:2      | Noticed a golden eye
  1593 | D:2      | Noticed a great orb of eyes
  1593 | D:2      | Noticed a golden eye
  1786 | D:2      | You fall into a shaft and drop 1 floor!
  1896 | D:3      | Found a runed translucent gate.
  1899 | D:3      | Noticed Holdthepickle's ghost (amateur OgFE)
  1900 | D:3      | Noticed a kobold brigand
  2247 | D:3      | Identified a scroll of acquirement
  2247 | D:3      | Acquired the quicksilver dragon scales of Coihewau {rC+
                  | Will+ Dex+2}
  2401 | D:3      | Found a runed translucent gate.
  2401 | D:3      | Found a runed translucent gate.
  2588 | D:3      | Reached XP level 4. HP: 38/38 MP: 6/6
  3176 | D:4      | Noticed a necrophage
  3187 | D:3      | Killed a necrophage
  3188 | D:3      | Reached XP level 5. HP: 45/45 MP: 7/7
  3291 | D:4      | Slain by an iguana

Illustrated notes

Levels and vault maps discovered:
D:1:      dpeg_arrival_subterranean_lakeside_camping, layout_basic
D:2:      layout_basic, hellmonk_ecumenical_altar_watching_god
D:3:      layout_loops_cross, gammafunk_ghost_nasty_kobolds,
          portal_sewer_entry_e, minivault_5, corexii_item_surrounded_by_moat,
          serial_bayou_lake_a
D:4:      layout_rooms

Skill      XL: |  1  2  3  4 |
---------------+-------------+-----
Unarmed Combat | 2 3 |  3.6
Fighting       | 3 |  3.5
Armour         | 3 |  3.5
Shields        | 3 |  3.4

Action                   |  1- 3 |  4- 6 || total
-------------------------+-------+-------++-------
Melee: Unarmed           |   125 |       ||   125
       Spear             |    68 |    43 ||   111
  Use: Scroll            |     3 |     5 ||     8
 Stab: Sleeping          |     1 |       ||     1
Armor: Scale mail        |    50 |       ||    50
       Chain mail        |    15 |       ||    15
       Quicksilver drago |     8 |    11 ||    19
Dodge: Dodged            |    55 |    10 ||    65
Block: Buckler           |    31 |     8 ||    39
